 Dungeon Crawl Stone Soup version 0.20-a0-1089-g3fde505 (webtiles) character file.

77 potatolord5000 the Ducker (level 4, 0/37 HPs)
             Began as a Merfolk Gladiator on May 2, 2017.
             Slain by an orc
             ... wielding a +0 dagger
              (2 damage)
             ... on level 3 of the Dungeon.
             The game lasted 00:08:41 (1527 turns).

potatolord5000 the Ducker (Merfolk Gladiator)       Turns: 1527, Time: 00:08:41

Health: 0/37       AC:  5    Str: 14    XL:     4   Next: 34%
Magic:  4/4        EV: 15    Int:  7    God:
Gold:   109        SH:  0    Dex: 16    Spells: 3/3 levels left

rFire    . . .     SeeInvis .   i - +0 spear
rCold    . . .     Gourm    .   (no shield)
rNeg     . . .     Faith    .   b - +1 leather armour
rPois    +         Spirit   .   c - +0 helmet
rElec    .         Reflect  .   (no cloak)
rCorr    .         Harm     .   (no gloves)
MR       .....                  (no boots)
Stlth    ++........             k - amulet of magic regeneration
Regen    0.2/turn               (no ring)
MPRegen  0.2/turn               (no ring)

@: no status effects
A: change form in water, swift swim, stealthy swim, poison resistance, robust 1
a: no special abilities


You were on level 3 of the Dungeon.
You were very full.

You visited 1 branch of the dungeon, and saw 3 of its levels.

You collected 109 gold pieces.

Inventory:

Hand Weapons
 a - a +0 long sword
 i - a +0 spear (weapon)
Armour
 b - a +1 leather armour (worn)
 c - a +0 helmet (worn)
Jewellery
 k - an amulet of magic regeneration (around neck)
Scrolls
 d - a scroll of enchant weapon {unknown}
Comestibles
 g - a royal jelly
 j - 4 fruits


   Skills:
 + Level 2.7 Fighting
 - Level 3.2 Long Blades
 * Level 2.4 Polearms
 - Level 2.0 Throwing
 + Level 5.2 Dodging
 + Level 1.9 Stealth


You had 3 spell levels left.
You didn't know any spells.

Dungeon Overview and Level Annotations

Branches:
Dungeon (3/15)

Altars:
Makhleb
Zin


Innate Abilities, Weirdness & Mutations

You revert to your normal form in water.
You are very nimble and swift while swimming.
You are very stealthy in the water. (Stealth+)
Your system is resistant to poisons. (rPois)
You are robust. (+10% HP)


Message History

You hit the orc.
The orc is heavily wounded.
The orc closely misses you.
You hit the orc.
You kill the orc!
You hit the orc.
The orc is moderately wounded.
The orc hits you with a dagger.
* * * LOW HITPOINT WARNING * * *
You hit the orc.
The orc is severely wounded.
The orc barely misses you.
You closely miss the orc.
The orc is severely wounded.
The orc hits you with a dagger.
* * * LOW HITPOINT WARNING * * *
You hit the orc.
The orc is almost dead.
The orc hits you with a dagger.
You die...

.. . .## ...
#o# #K# #o#
#@###########
#...........#
###########.#
#...)...#.#
#.#####.#.#
#.# #...# ###
#.# ##### ..#
#)# #.# #.#


You could see 2 orcs and a kobold.

Vanquished Creatures
  5 gnolls
  A worm (D:3)
  3 orcs (D:3)
  A giant cockroach (D:2)
  3 goblins
  A hobgoblin (D:2)
  2 quokkas
  4 bats
  2 kobolds
  4 rats
26 creatures vanquished.

Vanquished Creatures (others)
  A goblin (D:2)
1 creature vanquished.

Grand Total: 27 creatures vanquished

Notes
Turn   | Place    | Note
-------+----------+-------------------------------------------
     0 | D:1      | potatolord5000 the Merfolk Gladiator began the quest for the Orb.
     0 | D:1      | Reached XP level 1. HP: 16/16 MP: 1/1
   504 | D:2      | Reached XP level 2. HP: 22/22 MP: 2/2
   528 | D:2      | Gained mutation: You are robust. (+10% HP) [potion of mutation]
   528 | D:2      | Gained mutation: Your system is resistant to poisons. (rPois) [potion of mutation]
   539 | D:2      | Reached skill level 1 in Stealth
   735 | D:2      | Found a glowing silver altar of Zin.
   735 | D:2      | Found a burning altar of Makhleb.
   736 | D:2      | Noticed a cacodemon
   736 | D:2      | Noticed an angel
   906 | D:2      | Reached skill level 1 in Polearms
  1140 | D:2      | Reached XP level 3. HP: 30/30 MP: 3/3
  1396 | D:3      | Reached XP level 4. HP: 4/37 MP: 4/4
  1406 | D:3      | HP: 1/37 [gnoll/club (5)]
  1414 | D:3      | Reached skill level 5 in Dodging
  1527 | D:3      | Slain by an orc

Vault maps used:
D:1:      dpeg_arrival_lava_temple_mockup
D:2:      grunt_temple_overflow_order_and_chaos_2, first_bread,
          minmay_fountain_box, lemuel_flame_loot_1, uniq_robin
D:3:      marbit_many_paths, portal_sewer_entry_f

Skill      XL: |  1  2  3  4 |
---------------+-------------+-----
Stealth        | 1 |  1.9
Polearms       | 1 2 |  2.4
Dodging        | 5 |  5.2
Fighting       | |  2.7
Long Blades    | |  3.2
Throwing       | |  2.0

Action                   |  1- 3 |  4- 6 || total
-------------------------+-------+-------++-------
Melee: Spear             |   112 |    46 ||   158
       Long sword        |     2 |       ||     2
  Use: Scroll            |     3 |       ||     3
       Potion            |     3 |       ||     3
  Eat: Bread ration      |     2 |       ||     2
Armor: Leather armour    |    23 |     5 ||    28
Dodge: Dodged            |    81 |    23 ||   104
       Rpst.: Long sword |     1 |       ||     1
